[Event "ICC tourney 2069 (15 5)"]
[Site "Internet Chess Club"]
[Date "2020.10.18"]
[Round "6"]
[White "patzer2020"]
[Black "OnseySeyon"]
[Result "0-1"]
[ICCResult "White resigns"]
[WhiteElo "1442"]
[BlackElo "1829"]
[Opening "Sicilian: Kan, 5.Nc3"]
[ECO "B43"]
[NIC "SI.41"]
[Time "17:02:37"]
[TimeControl "900+5"]

1. e4 c5 2. Nf3 e6 3. d4 cxd4 4. Nxd4 a6 5. Nc3 Qc7 6. a3 Nf6 7. f4 Nc6 8.
e5 Ng8 9. Nb3 b5 10. Ne4 Bb7 11. Nd6+ Bxd6 12. exd6 Qb6 13. Qe2 Nf6 14. Be3
Qd8 15. O-O-O O-O 16. Rg1 Nd5 17. Bd2 Rc8 18. g4 Qb6 19. f5 Nd4 20. Nxd4
Qxd4 21. Be3 Qxe3+ 22. Qxe3 Nxe3 23. Rd2 exf5 24. gxf5 Nxf1 25. Rxf1 Rc5 26.
h4 f6 27. h5 Rfc8 28. Re2 Re5 29. Rd2 Rcc5 30. b4 Rxf5 31. Rg1 Rce5 32. h6
g6 33. Kb2 Bd5 34. Rg4 Bc4 35. a4 Rf3 36. Rdd4 Kf7 37. Rxc4 bxc4 38. Rxc4
Rd5 39. Rc7 Rxd6 40. b5 axb5 41. axb5 Rf5 42. c4 Ke6 43. Kc3 Rh5 44. c5 Rdd5
45. Kb4 Rh4+ 46. Ka5 Rxh6 47. b6 Rh2 48. b7 Rb2 49. Ka6 Rd1 50. Ka7 Rdb1 51.
Kb8 h5 52. Kc8 h4 53. Rxd7 h3 54. c6 h2 55. Kc7 Rxb7+ {White resigns} 0-1

[Event "ICC tourney 2069 (15 5)"]
[Site "Internet Chess Club"]
[Date "2020.10.18"]
[Round "6"]
[White "akhilv"]
[Black "Camrynz1"]
[Result "1-0"]
[ICCResult "Black resigns"]
[WhiteElo "961"]
[BlackElo "1341"]
[Opening "Robatsch defense: two knights variation"]
[ECO "B06"]
[NIC "KF.06"]
[Time "17:02:38"]
[TimeControl "900+5"]

1. e4 g6 2. d4 d6 3. Nf3 Bg7 4. Nc3 Bg4 5. Be2 Bxf3 6. Bxf3 e5 7. dxe5 Bxe5
8. Bd2 Ne7 9. O-O O-O 10. Bh6 Bg7 11. Bxg7 Kxg7 12. e5 Nbc6 13. exd6 cxd6
14. Ne4 d5 15. Ng5 h6 16. Nh3 Qd6 17. Re1 Rad8 18. Rc1 f5 19. c4 b6 20. cxd5
Nxd5 21. Qxd5 Qxd5 22. Bxd5 Rxd5 23. Rxc6 Rfd8 24. g3 g5 25. Re7+ Kf8 26.
Rxa7 R8d6 27. Rc8+ Rd8 28. Rxd8+ Rxd8 29. Rh7 Rd6 30. Rb7 Kg8 31. f4 Rd1+
32. Kg2 Rd2+ 33. Nf2 Rxb2 34. a4 gxf4 35. gxf4 b5 36. Rxb5 Rxb5 37. axb5 Kf8
38. Nd1 Ke8 39. Nc3 Kd7 40. Kf2 Kc7 41. Ke3 h5 42. h4 Kd6 43. Kd4 Kc7 44.
Ke5 Kd7 45. Kxf5 Ke7 46. Kg5 Ke6 47. Kxh5 Kf5 48. b6 Kxf4 49. b7 Ke3 50.
b8=Q Kd2 51. Qd6+ Kxc3 52. Kg5 Kb2 53. h5 Kb3 54. h6 Kc4 55. h7 Kb3 56. h8=Q
Kc4 57. Qh4+ Kb3 58. Qd3+ Kb2 59. Qh2+ {Black resigns} 1-0

[Event "ICC tourney 2069 (15 5)"]
[Site "Internet Chess Club"]
[Date "2020.10.18"]
[Round "6"]
[White "rhohn"]
[Black "swathivjdp"]
[Result "0-1"]
[ICCResult "White checkmated"]
[WhiteElo "980"]
[BlackElo "1388"]
[Opening "Giuoco Piano"]
[ECO "C54"]
[NIC "IG.02"]
[Time "17:02:41"]
[TimeControl "900+5"]

1. e4 e5 2. Nf3 Nc6 3. Bc4 Bc5 4. c3 Nf6 5. d3 d6 6. O-O h6 7. Be3 Bb6 8.
Nbd2 O-O 9. d4 Ng4 10. Qe2 Nxe3 11. fxe3 Bg4 12. d5 Na5 13. Bd3 c5 14. b4
cxb4 15. cxb4 Rc8 16. bxa5 Bxa5 17. Rac1 Qb6 18. Nc4 Qc5 19. Nxa5 Qxa5 20.
Rc2 Rxc2 21. Qxc2 Qb6 22. Qd2 f5 23. h3 f4 24. hxg4 fxe3 25. Qe2 Rf4 26. Re1
Rxg4 27. Qxe3 Qb2 28. Re2 Qa1+ 29. Kf2 Qh1 30. Ne1 Qh4+ 31. g3 Qh2+ 32. Ng2
h5 33. Re1 h4 34. gxh4 Qxg2# {White checkmated} 0-1

[Event "ICC tourney 2069 (15 5)"]
[Site "Internet Chess Club"]
[Date "2020.10.18"]
[Round "6"]
[White "volver"]
[Black "prajit5803"]
[Result "1/2-1/2"]
[ICCResult "Game drawn because neither player has mating material"]
[WhiteElo "1545"]
[BlackElo "1163"]
[Opening "King's Indian, 3.Nf3"]
[ECO "E61"]
[NIC "KI.20"]
[Time "17:03:04"]
[TimeControl "900+5"]

1. d4 Nf6 2. Nf3 g6 3. c4 d6 4. Nc3 Bg7 5. h3 O-O 6. e4 e5 7. d5 Qe7 8. Bg5
h6 9. Be3 c6 10. Qd2 cxd5 11. cxd5 Nbd7 12. Bxh6 Nc5 13. Bxg7 Kxg7 14. Bd3
a6 15. Bc2 b5 16. a3 Bb7 17. Qe2 Rh8 18. Rc1 Nh5 19. Qe3 Nf4 20. O-O Qd7 21.
Ng5 f6 22. Nf3 Nxh3+ 23. Kh2 Nxf2+ 24. Kg1 Ng4 25. Qe2 Rh7 26. Rf2 Rah8 27.
Kf1 Nxf2 28. Kxf2 Rh6 29. Rg1 Kg8 30. Nd1 Qh7 31. Ne3 Rh1 32. Ng4 Kg7 33. b4
Bc8 34. Nxf6 Kxf6 35. bxc5 dxc5 36. a4 Rxg1 37. Kxg1 Bd7 38. Kf2 Rf8 39. Qe3
Rc8 40. Qg5+ Kg7 41. Qxe5+ Kg8 42. d6 Qg7 43. Qd5+ Qf7 44. Qd3 b4 45. Ke1 a5
46. Ng5 Qf6 47. Qd5+ Kg7 48. Nf3 Qc3+ 49. Kd1 b3 50. Bxb3 Rb8 51. Qf7+ Kh6
52. Qf4+ Kh7 53. Qf7+ Qg7 54. Bd5 Qxf7 55. Bxf7 Bxa4+ 56. Kd2 Rb2+ 57. Ke3
Rxg2 58. e5 Rb2 59. e6 Kg7 60. Ne5 Rb3+ 61. Kf4 Rb4+ 62. Kg5 Rb7 63. d7 Bxd7
64. exd7 Rxd7 65. Nxd7 Kxf7 66. Nxc5 a4 67. Nxa4 Ke6 68. Kxg6
{Game drawn because neither player has mating material}
1/2-1/2

[Event "ICC tourney 2069 (15 5)"]
[Site "Internet Chess Club"]
[Date "2020.10.18"]
[Round "6"]
[White "blueidolon"]
[Black "Aquaman"]
[Result "0-1"]
[ICCResult "White resigns"]
[WhiteElo "1103"]
[BlackElo "1203"]
[Opening "Scandinavian defense"]
[ECO "B01"]
[NIC "SD.03"]
[Time "17:02:59"]
[TimeControl "900+5"]

1. e4 d5 2. exd5 Nf6 3. Nf3 Nxd5 4. Bb5+ c6 5. Bc4 b5 6. Bxd5 cxd5 7. O-O
Nd7 8. Nc3 Nf6 9. Nxb5 Ba6 10. Nc3 Bxf1 11. Qxf1 e6 12. Qb5+ Qd7 13. Qxd7+
Nxd7 14. d4 Be7 15. Bg5 Bxg5 16. Nxg5 Rb8 17. Rb1 O-O 18. b3 Nb6 19. Ne2 Nc4
20. Rc1 Nd6 21. Rd1 Rbc8 22. c3 Nb5 23. Rd3 Nd6 24. Rh3 h6 25. Nf3 Nf5 26.
Kf1 Nd6 27. Rg3 Nf5 28. Rg4 Kh7 29. Rf4 Nd6 30. Rh4 Nf5 31. Rh3 Kg8 32. Ke1
a5 33. a4 Nd6 34. Rg3 Ne4 35. Rg4 Nxc3 36. Nxc3 Rxc3 37. Nd2 Rfc8 38. Kd1
Rc1+ 39. Ke2 R8c2 40. Ke3 Rc3+ 41. Ke2 R1c2 42. Rg3 Rxg3 43. hxg3 Rc8 44.
Nb1 Rc2+ 45. Nd2 f5 46. Kd1 Rc8 47. Nf3 g5 48. Ne5 Rc3 49. Kd2 Rxb3 50. Kc2
Rb4 51. Kc3 Rxa4 52. Nd7 Rc4+ 53. Kd3 a4 54. Nb6 Rb4 55. Nd7 a3 56. Kc3 Rc4+
57. Kb3 Rxd4 58. Kxa3 Rd2 59. Nf6+ Kf7 60. Nd7 Rxf2 61. Ne5+ Kf6 62. Nd7+
Ke7 63. Ne5 Rxg2 64. Ng6+ Kd6 65. Ka4 Rxg3 66. Ka5 d4 67. Kb4 d3 68. Kc3 e5
69. Nh8 e4 70. Nf7+ Kc5 71. Ne5 h5 72. Nd7+ Kd5 73. Nf6+ Ke5 74. Nxh5 Rh3
75. Ng7 g4 76. Ne8 Kf4 77. Nd6 g3 {White resigns} 0-1

[Event "ICC tourney 2069 (15 5)"]
[Site "Internet Chess Club"]
[Date "2020.10.18"]
[Round "6"]
[White "Hydra88"]
[Black "IAlwaysWin"]
[Result "1/2-1/2"]
[ICCResult "Game drawn by repetition"]
[WhiteElo "1498"]
[BlackElo "1927"]
[Opening "Caro-Kann: advance variation"]
[ECO "B12"]
[NIC "CK.02"]
[Time "17:02:39"]
[TimeControl "900+5"]

1. e4 c6 2. d4 d5 3. e5 g6 4. c4 e6 5. Nc3 Bg7 6. Nf3 Ne7 7. Bd3 dxc4 8.
Bxc4 Nd5 9. Bxd5 cxd5 10. Bg5 Qb6 11. Qa4+ Bd7 12. Qa3 Nc6 13. O-O Qb4 14.
Qxb4 Nxb4 15. a3 Nc6 16. Nb5 O-O 17. Nd6 Rab8 18. Rac1 f6 19. exf6 Bxf6 20.
Bxf6 Rxf6 21. Ne5 Nxe5 22. dxe5 Rff8 23. Rc7 Bc6 24. Re7 Rf4 25. Rxe6 Rd4
26. Rf6 Rf8 27. Rxf8+ Kxf8 28. Re1 Ke7 29. Nc8+ Ke6 30. Nxa7 Rd2 31. Nxc6
bxc6 32. b4 Ra2 33. f4 Rxa3 34. Rb1 Kf5 35. g3 Kg4 36. Re1 Kf5 37. e6 Ra8
38. e7 Re8 39. Re5+ Kf6 40. Kf2 Rxe7 41. Rxe7 Kxe7 42. Ke3 Ke6 43. g4 h5 44.
h3 h4 45. Kd3 Kd7 46. Ke3 Ke7 47. Kd3 Kd7 48. Ke3 Ke7 49. Kd3 Kd7
{Game drawn by repetition}
1/2-1/2

[Event "ICC tourney 2069 (15 5)"]
[Site "Internet Chess Club"]
[Date "2020.10.18"]
[Round "6"]
[White "GGuseinov"]
[Black "NightMovesTN"]
[Result "1-0"]
[ICCResult "Black resigns"]
[WhiteElo "2720"]
[BlackElo "2257"]
[Opening "Pirc: classical system, 5.Be2"]
[ECO "B06"]
[NIC "PU.03"]
[Time "17:04:20"]
[TimeControl "900+5"]

1. e4 g6 2. d4 d6 3. Nc3 Bg7 4. Nf3 Nf6 5. Be2 O-O 6. O-O c6 7. a4 Qc7 8.
Be3 b6 9. Nd2 e5 10. d5 cxd5 11. exd5 Nbd7 12. Nb5 Qb8 13. c4 a6 14. Nc3 a5
15. Rb1 Nc5 16. b4 axb4 17. Rxb4 Bd7 18. Qb1 Ra6 19. a5 Rxa5 20. Rxb6 Qc7
21. Qb4 Rfa8 22. h3 Ne8 23. Nde4 Nxe4 24. Nxe4 Ra4 25. Qb1 Bf5 26. g4 Bxe4
27. Qxe4 Ra2 28. Re1 Qd8 29. g5 f5 30. gxf6 Nxf6 31. Qg2 Bh6 32. c5 Bxe3 33.
fxe3 dxc5 34. Re6 Nxd5 35. Rxe5 Rd2 36. Rxd5 Qe7 37. Rxd2 {Black resigns}
1-0

[Event "ICC tourney 2069 (15 5)"]
[Site "Internet Chess Club"]
[Date "2020.10.18"]
[Round "6"]
[White "cooljay"]
[Black "BreatheChessAls"]
[Result "0-1"]
[ICCResult "White resigns"]
[WhiteElo "2032"]
[BlackElo "1948"]
[Opening "Sicilian: Labourdonnais-Löwenthal (Kalashnikov) variation"]
[ECO "B32"]
[NIC "SI.32"]
[Time "17:02:21"]
[TimeControl "900+5"]

1. e4 c5 2. Nf3 Nc6 3. d4 cxd4 4. Nxd4 e5 5. Nb5 d6 6. c4 Be7 7. N1c3 a6 8.
Na3 f5 9. exf5 Bxf5 10. Nc2 Nf6 11. Ne3 Be6 12. g3 O-O 13. Bg2 Qd7 14. O-O
Nd4 15. Ncd5 Bd8 16. b3 Bxd5 17. Nxd5 Nxd5 18. Bxd5+ Kh8 19. Be3 Bb6 20. Kg2
Bc5 21. a3 a5 22. Qd3 Rab8 23. Rab1 Bxa3 24. Bxd4 exd4 25. Qxd4 Bc5 26. Qh4
Rbe8 27. Be4 h6 28. f3 b6 29. Rbd1 Qe6 30. Rd5 Qf6 31. Qxf6 Rxf6 32. Rfd1 g6
33. R1d2 Kg7 34. h4 h5 35. Rg5 Be3 36. Rdd5 Bxg5 37. Rxg5 Re5 38. Rxe5 dxe5
39. Kf2 Kh6 40. Ke3 g5 41. hxg5+ Kxg5 42. Bd5 Rf8 43. Ke4 Kf6 44. Bc6 Rd8
45. Bd5 Rh8 46. Bc6 h4 47. gxh4 Rxh4+ 48. Ke3 Ke7 49. Bb7 Kd6 50. Bc8 Kc5
51. Bg4 Kb4 52. Be6 Rf4 53. Bd5 a4 54. bxa4 Kxa4 55. Kd3 Kb4 56. Be4 Kc5 57.
Bd5 Rd4+ 58. Kc3 Rxd5 59. cxd5 Kxd5 60. Kb4 Kd4 {White resigns} 0-1

[Event "ICC tourney 2069 (15 5)"]
[Site "Internet Chess Club"]
[Date "2020.10.18"]
[Round "6"]
[White "WCCJCM"]
[Black "blueocean07"]
[Result "1-0"]
[ICCResult "Black resigns"]
[WhiteElo "1605"]
[BlackElo "1298"]
[Opening "Sicilian: Pelikan (Lasker/Sveshnikov) variation"]
[ECO "B33"]
[NIC "SI.35"]
[Time "17:03:07"]
[TimeControl "900+5"]

1. e4 c5 2. Nf3 Nc6 3. d4 cxd4 4. Nxd4 Nf6 5. Nc3 e5 6. Nf3 Bb4 7. Bc4 Nxe4
8. Qd5 Nd6 9. Bb3 Qf6 10. O-O O-O 11. Re1 Re8 12. Bd2 b6 13. a3 Bc5 14. Ne4
Nxe4 15. Qxe4 Bb7 16. Bc3 Rab8 17. Bd5 Bd6 18. h3 Re7 19. b4 a6 20. Rab1 b5
21. Rbd1 Rbe8 22. Rd2 Bb8 23. Nh4 g6 24. Nf3 Rc8 25. Nh2 d6 26. Ng4 Qg7 27.
Qf3 Ree8 28. Nf6+ Kf8 29. Nxe8 Kxe8 30. Qe2 Kf8 31. f4 exf4 32. Bxg7+
{Black resigns}
1-0

[Event "ICC tourney 2069 (15 5)"]
[Site "Internet Chess Club"]
[Date "2020.10.18"]
[Round "6"]
[White "searchforbobby1"]
[Black "guineapig25"]
[Result "1-0"]
[ICCResult "Black resigns"]
[WhiteElo "2039"]
[BlackElo "1997"]
[Opening "Sicilian: Alapin's variation (2.c3)"]
[ECO "B22"]
[NIC "SI.46"]
[Time "17:02:19"]
[TimeControl "900+5"]

1. e4 c5 2. c3 d5 3. exd5 Qxd5 4. d4 g6 5. Nf3 Bg7 6. Be2 Nc6 7. c4 Qd8 8.
d5 Ne5 9. Nxe5 Bxe5 10. Nc3 Bg7 11. Bf4 Bd7 12. O-O Nf6 13. Be5 O-O 14. Bf3
Ne8 15. Bxg7 Kxg7 16. Qe2 Nd6 17. Ne4 Rc8 18. Nc3 a6 19. Rfe1 Re8 20. Qe5+
Kg8 21. b3 Qc7 22. Qg5 Qa5 23. Rac1 Nf5 24. Bg4 Qc7 25. Bxf5 Bxf5 26. Re3 h5
27. Rce1 e6 28. dxe6 Bxe6 29. Nd5 Qd8 30. Nf6+ Kg7 31. Nxh5+ Kf8 32. Qh6+
Ke7 33. Nf4 Qd6 34. Nd5+ Kd8 35. Qg5+ Kd7 36. Nf6+ Kc7 37. Nxe8+ Rxe8 38.
Qe5 b6 39. h3 Rd8 40. g4 Qxe5 41. Rxe5 Rd2 42. R5e2 Rd3 43. Kg2 Bd7 44. Re3
Bc6+ 45. f3 Rd2+ 46. R1e2 Rd1 47. h4 Bd7 48. Re7 Rd6 49. Rxf7 Kc6 50. Kg3
Kc7 51. Ree7 Rd1 52. Rxd7+ Rxd7 53. Rxd7+ Kxd7 54. Kf4 Ke7 55. Ke5 Kf7 56.
f4 Ke7 57. Kd5 Kd7 58. h5 gxh5 59. gxh5 b5 60. Kxc5 bxc4 61. Kxc4 a5 62. Kb5
a4 63. Kxa4 {Black resigns} 1-0

[Event "ICC tourney 2069 (15 5)"]
[Site "Internet Chess Club"]
[Date "2020.10.18"]
[Round "6"]
[White "arjun-venkat"]
[Black "tidalwave09"]
[Result "1-0"]
[ICCResult "Black forfeits on time"]
[WhiteElo "1353"]
[BlackElo "1410"]
[Opening "Sicilian: Pelikan (Lasker/Sveshnikov) variation"]
[ECO "B33"]
[NIC "SI.35"]
[Time "17:04:31"]
[TimeControl "900+5"]

1. e4 c5 2. Nf3 Nc6 3. d4 cxd4 4. Nxd4 Nf6 5. Nc3 e5 6. Nf3 Bb4 7. Bd3 d5 8.
exd5 Nxd5 9. Bd2 Bxc3 10. Bxc3 Nxc3 11. bxc3 O-O 12. O-O Bg4 13. Be2 e4 14.
Nd4 Bxe2 15. Nxe2 Qg5 16. Ng3 f5 17. Qd5+ Kh8 18. Nxe4 Qg4 19. f3 Qf4 20.
Ng3 Qe3+ 21. Kh1 f4 22. Ne4 Rad8 23. Qc5 Qxc5 24. Nxc5 b6 25. Ne6 Rfe8 26.
Nxd8 Rxd8 27. Rfd1 Re8 28. Rd7 h6 29. Rc7 Re6 30. Rd1 a5 31. h3 Ne5 32. Re1
Kh7 33. Rd7 Kg6 34. Rd5 Kf6 35. Re4 g5 36. Red4 Nc6 37. Rd1 Ne5 38. Rd6 Nc4
39. Rxe6+ Kxe6 40. Re1+ Ne3 41. Kg1 Kd5 42. Kf2 Kc4 43. Rb1 b5 44. g3 Nxc2
45. gxf4 gxf4 46. Kg2 Ne3+ 47. Kh2 h5 48. Rg1 Kxc3 49. Rg5 Kb4 50. Rxh5
{Black forfeits on time}
1-0

[Event "ICC tourney 2069 (15 5)"]
[Site "Internet Chess Club"]
[Date "2020.10.18"]
[Round "6"]
[White "arya2"]
[Black "Jets"]
[Result "1-0"]
[ICCResult "Black resigns"]
[WhiteElo "1831"]
[BlackElo "1574"]
[Opening "Trompowsky attack (Ruth, Opocenský opening)"]
[ECO "A45"]
[NIC "QP.07"]
[Time "17:02:24"]
[TimeControl "900+5"]

1. d4 Nf6 2. Bg5 d5 3. e3 e6 4. Nd2 Nbd7 5. Bd3 h6 6. Bh4 Be7 7. f4 c5 8. c3
b6 9. Ngf3 Bb7 10. O-O O-O 11. Ne5 Rc8 12. Qf3 cxd4 13. exd4 Ne4 14. Bxe4
dxe4 15. Bxe7 exf3 16. Bxd8 fxg2 17. Rf2 Nxe5 18. fxe5 Rcxd8 19. Nf3 f5 20.
Kxg2 g5 21. Kg1 g4 22. Nd2 f4 23. Re1 h5 24. Ne4 Bxe4 25. Rxe4 f3 26. Kf1
Rf5 27. Ke1 Kg7 28. Kd2 Kg6 29. Ke3 Kg5 30. Rf1 Kh4 31. Kf2 Kh3 32. Rh1 h4
33. Ree1 Rh5 34. Reg1 g3+ 35. hxg3+ Kg4 36. Rxh4+ Rxh4 37. gxh4+ Kxh4 38.
Kxf3 Rd5 39. Ke4 Ra5 40. a3 Rb5 41. Rg2 a5 42. c4 Rb3 43. d5 {Black resigns}
1-0

[Event "ICC tourney 2069 (15 5)"]
[Site "Internet Chess Club"]
[Date "2020.10.18"]
[Round "6"]
[White "StevenRojasS"]
[Black "spellking98"]
[Result "1-0"]
[ICCResult "Black checkmated"]
[WhiteElo "1841"]
[BlackElo "2014"]
[Opening "King's Indian: fianchetto, Panno variation"]
[ECO "E63"]
[NIC "KI.71"]
[Time "17:02:27"]
[TimeControl "900+5"]

1. c4 Nf6 2. Nc3 g6 3. g3 Bg7 4. Bg2 O-O 5. d4 d6 6. Nf3 Nc6 7. O-O a6 8.
Qd3 e5 9. dxe5 dxe5 10. Qxd8 Rxd8 11. Bg5 Re8 12. Nd2 h6 13. Bxf6 Bxf6 14.
e3 Bd8 15. Rad1 Kg7 16. Nb3 f5 17. Bxc6 bxc6 18. Na5 Be6 19. b3 c5 20. Nc6
f4 21. exf4 exf4 22. Na4 Bg5 23. Nxc5 fxg3 24. hxg3 Bg4 25. Rd4 Be2 26. Re1
Bf3 27. Ne5 Bc6 28. Kf1 Bf6 29. Nxc6 Bxd4 30. Rxe8 Rxe8 31. Nxd4 a5 32.
Nde6+ Kf6 33. Nxc7 Rc8 34. N7e6 g5 35. Kg2 h5 36. a3 g4 37. b4 axb4 38. axb4
Ke5 39. b5 Kd6 40. b6 Rh8 41. Na6 Kc6 42. c5 Kb7 43. Nb4 Re8 44. Nf4 Re5 45.
Nfd5 Re8 46. c6+ Kb8 47. Na6+ Ka8 48. Ndc7# {Black checkmated} 1-0

[Event "ICC tourney 2069 (15 5)"]
[Site "Internet Chess Club"]
[Date "2020.10.18"]
[Round "6"]
[White "MYMChessWyatt"]
[Black "SenileOyster"]
[Result "0-1"]
[ICCResult "White checkmated"]
[WhiteElo "1229"]
[BlackElo "1753"]
[Opening "French: Winawer, advance variation"]
[ECO "C17"]
[NIC "FR.10"]
[Time "17:02:15"]
[TimeControl "900+5"]

1. e4 e6 2. d4 d5 3. Nc3 Bb4 4. e5 c5 5. Nf3 Nc6 6. Be3 cxd4 7. Nxd4 Nxe5 8.
Nb5 a6 9. Bf4 f6 10. Bxe5 fxe5 11. Qh5+ Kf8 12. Na3 Qc7 13. Qf3+ Nf6 14.
O-O-O Bxc3 15. bxc3 Bd7 16. g4 Ke7 17. c4 d4 18. g5 Bc6 19. gxf6+ gxf6 20.
Qg3 Rag8 21. Qb3 Bxh1 22. Qb4+ Kf7 23. Be2 Be4 24. c5 Rc8 25. Nc4 Bg6 26.
Nd6+ Ke7 27. Nxc8+ Rxc8 28. c6+ Ke8 29. Bf3 e4 30. Qxb7 exf3 31. Re1 Qxb7
32. cxb7 Rxc2+ 33. Kd1 Rb2 34. Rxe6+ Kd7 35. Rxa6 Rxb7 36. Rxf6 Rb2 37. Rxf3
Bh5 38. Kc1 Bxf3 39. Kxb2 Kd6 40. Kc2 Kc5 41. Kd3 Bd5 42. a3 Bc4+ 43. Kd2
Kd5 44. f3 Ba6 45. Kc2 Ke5 46. Kd2 Kf4 47. Ke1 Kxf3 48. Kd2 h5 49. h4 Kg4
50. a4 Kxh4 51. a5 Kg3 52. Ke1 h4 53. Kd2 h3 54. Kc2 h2 55. Kb3 h1=Q 56. Kb4
Qd5 57. Ka4 Qc4+ 58. Ka3 Qc3+ 59. Ka4 Bc4 60. a6 Qb3+ 61. Ka5 Qb5#
{White checkmated}
0-1

[Event "ICC tourney 2069 (15 5)"]
[Site "Internet Chess Club"]
[Date "2020.10.18"]
[Round "6"]
[White "harkerchess"]
[Black "Futurebus"]
[Result "1-0"]
[ICCResult "Black forfeits on time"]
[WhiteElo "1918"]
[BlackElo "1441"]
[Opening "QGD: exchange, positional line"]
[ECO "D35"]
[NIC "QO.16"]
[Time "17:02:28"]
[TimeControl "900+5"]

1. d4 d5 2. c4 e6 3. Nc3 Nf6 4. cxd5 exd5 5. Bg5 Be7 6. e3 O-O 7. Bd3 h6 8.
Bh4 b6 9. Qc2 Nbd7 10. Nge2 c5 11. O-O Bb7 12. dxc5 bxc5 13. Rad1 Ne5 14.
Bxf6 Bxf6 15. Be4 Qe7 16. Bxd5 Bxd5 17. Nxd5 Qd8 18. Qxc5 Qc8 19. Nxf6+ gxf6
20. Qe7 Qe6 21. Qxe6 fxe6 22. Nf4 Rfe8 23. Rc1 Rac8 24. h3 Kf7 25. Rfd1 Red8
26. g3 Rxd1+ 27. Rxd1 Rc2 28. Nd3 Nc4 29. b3 Na3 30. Nb4 Rc7 31. Kg2 a5 32.
Nd3 Rc2 33. b4 axb4 34. Nxb4 Rb2 35. Nc6 Rxa2 36. Rd7+ Kg6 37. Ra7 Ra1 38.
Nd4 e5 39. Nb3 Ra2 40. g4 e4 41. Kg3 f5 42. Ra6+ Kf7 43. gxf5 h5 44. h4 Ke7
45. f3 exf3 46. Kxf3 Kf7 47. e4 {Black forfeits on time} 1-0

[Event "ICC tourney 2069 (15 5)"]
[Site "Internet Chess Club"]
[Date "2020.10.18"]
[Round "6"]
[White "Tacticsguy52"]
[Black "musk6868"]
[Result "1-0"]
[ICCResult "Black resigns"]
[WhiteElo "1915"]
[BlackElo "2038"]
[Opening "Sicilian defense"]
[ECO "B34"]
[NIC "SI.33"]
[Time "17:02:27"]
[TimeControl "900+5"]

1. e4 c5 2. Nf3 Nc6 3. d4 cxd4 4. Nxd4 g6 5. Be3 Nf6 6. Nc3 Bg7 7. f3 O-O 8.
Bc4 Qb6 9. Bb3 Qa5 10. Qd2 d6 11. O-O-O Nxd4 12. Bxd4 Be6 13. Kb1 Bxb3 14.
axb3 Rfc8 15. Bxf6 exf6 16. Nd5 Qd8 17. Ne3 Rc6 18. Nc4 a5 19. Nxd6 Qe7 20.
Nc4 a4 21. Qd7 Qb4 22. Qd2 Qb5 23. Na3 Qe5 24. Qd4 Qb8 25. b4 f5 26. Qd5 Qf8
27. b5 Rc5 28. Qd6 fxe4 29. Qxf8+ Kxf8 30. fxe4 Rac8 31. Rd7 R8c7 32. Rhd1
Ke8 33. Rd8+ Ke7 34. b6 R7c6 35. R1d7+ Kf6 36. Rxb7 Re5 37. Rdd7 Bh6 38.
Rxf7+ Kg5 39. Rxh7 Bf8 40. Rh3 Rxe4 41. Rg3+ Kh6 42. Rb8 Bd6 43. Rh3+ Kg5
44. Rb7 Rb4 45. c3 Rb3 46. Nc2 a3 47. Nxa3 Bxa3 48. Ka2 Rxb2+ 49. Kxa3 Rxg2
50. Rg3+ Rxg3 51. hxg3 Rxc3+ 52. Kb4 Rxg3 53. Rc7 Rf3 54. b7 Rf1 55. Rc3 Rf8
56. Rc8 Rf1 57. b8=Q Rb1+ 58. Kc5 Rxb8 59. Rxb8 Kf4 60. Kd4 g5 61. Rf8+ Kg3
62. Ke4 g4 63. Rg8 Kh3 64. Kf4 g3 65. Rxg3+ Kh2 66. Rg8 {Black resigns} 1-0

[Event "ICC tourney 2069 (15 5)"]
[Site "Internet Chess Club"]
[Date "2020.10.18"]
[Round "6"]
[White "Newton209"]
[Black "MikeVillages57"]
[Result "0-1"]
[ICCResult "White checkmated"]
[WhiteElo "989"]
[BlackElo "1281"]
[Opening "French: exchange variation"]
[ECO "C01"]
[NIC "FR.01"]
[Time "17:02:42"]
[TimeControl "900+5"]

1. e4 e6 2. d4 d5 3. exd5 exd5 4. Bd3 Ne7 5. Nf3 Bf5 6. Bxf5 Nxf5 7. Qe2+
Be7 8. O-O O-O 9. c4 dxc4 10. Qxc4 Nd6 11. Qb3 Nd7 12. Nc3 Bf6 13. Bf4 Nb6
14. Nd5 Nxd5 15. Qxd5 Rb8 16. Qh5 Ne8 17. Rad1 g6 18. Qc5 Be7 19. Qc4 Nd6
20. Qc3 Bf6 21. Bh6 Re8 22. Rc1 c6 23. Rfe1 Ne4 24. Qd3 Nd6 25. Rxe8+ Nxe8
26. g3 Nc7 27. h4 Bg7 28. Bf4 Rc8 29. Kg2 Ne6 30. Rd1 Nxf4+ 31. gxf4 Qd6 32.
Qb3 b5 33. Qe3 Bh6 34. Kg3 Bf8 35. Kg2 Bh6 36. Kg3 Kf8 37. b3 Re8 38. Qd2
Bg7 39. Ng5 h6 40. Nf3 Qd5 41. b4 Qd6 42. Kg2 Qd5 43. Qd3 Re7 44. a3 Qd8 45.
Kg3 Qe8 46. Kg2 Qd7 47. Kg3 Qe8 48. Kg2 Rd7 49. Kh2 Rd8 50. Qc3 Rc8 51. Kg3
Rc7 52. Rd2 Rc8 53. Qd3 Qd7 54. Kh2 Qe8 55. Kg2 Qd7 56. Kg3 Rd8 57. Kg2 Re8
58. Kf1 Qh3+ 59. Kg1 Qg4+ 60. Kf1 Qh3+ 61. Kg1 Bf6 62. d5 Bxh4 63. Nxh4 Re1+
64. Qf1 Rxf1# {White checkmated} 0-1

[Event "ICC tourney 2069 (15 5)"]
[Site "Internet Chess Club"]
[Date "2020.10.18"]
[Round "7"]
[White "temporarydanger"]
[Black "hackerguru"]
[Result "0-1"]
[ICCResult "White resigns"]
[WhiteElo "1176"]
[BlackElo "1750"]
[Opening "Sicilian defense"]
[ECO "B20"]
[NIC "SI.48"]
[Time "18:03:07"]
[TimeControl "900+5"]

1. e4 c5 2. Bc4 e6 3. d3 d5 4. exd5 exd5 5. Qe2+ Be6 6. Bb5+ Nd7 7. Nc3 Nf6
8. Bg5 d4 9. Nd5 Qa5+ 10. b4 cxb4 11. Kd1 Nxd5 12. Bxd7+ Kxd7 13. Nf3 Nc3+
14. Kd2 Nxe2 15. Rhe1 Nc3 {White resigns} 0-1

[Event "ICC tourney 2069 (15 5)"]
[Site "Internet Chess Club"]
[Date "2020.10.18"]
[Round "7"]
[White "jjplaman"]
[Black "volver"]
[Result "1/2-1/2"]
[ICCResult "Game drawn by repetition"]
[WhiteElo "1405"]
[BlackElo "1539"]
[Opening "French defense"]
[ECO "C00"]
[NIC "FR.01"]
[Time "18:03:26"]
[TimeControl "900+5"]

1. e4 e6 2. Nf3 d5 3. exd5 exd5 4. d4 Nf6 5. Nc3 Be7 6. Bg5 O-O 7. Be2 Nbd7
8. O-O Re8 9. Qd2 c6 10. Rfe1 Nf8 11. Bd3 h6 12. Bh4 Bg4 13. Ne5 Be6 14. Nf3
Bg4 15. Ne5 Be6 16. Nf3 Bg4 {Game drawn by repetition} 1/2-1/2

[Event "ICC tourney 2069 (15 5)"]
[Site "Internet Chess Club"]
[Date "2020.10.18"]
[Round "7"]
[White "jackthebest007"]
[Black "chessplayz"]
[Result "1-0"]
[ICCResult "Black checkmated"]
[WhiteElo "1268"]
[BlackElo "1200"]
[Opening "Queen's pawn: Chigorin variation"]
[ECO "D00"]
[NIC "QP.08"]
[Time "18:02:48"]
[TimeControl "900+5"]

1. d4 d5 2. Nc3 Nf6 3. Nf3 Bf5 4. Bf4 e6 5. e3 Nc6 6. Bd3 Bb4 7. Bxf5 exf5
8. Ne5 Ne4 9. Qd3 Nxc3 10. bxc3 Ba5 11. Qxf5 Ne7 12. Qxf7# {Black
checkmated} 1-0

[Event "ICC tourney 2069 (15 5)"]
[Site "Internet Chess Club"]
[Date "2020.10.18"]
[Round "7"]
[White "Camrynz1"]
[Black "HiHiItsByeBye"]
[Result "1-0"]
[ICCResult "Black checkmated"]
[WhiteElo "1358"]
[BlackElo "1245"]
[Opening "Queen's pawn, Mason variation"]
[ECO "D00"]
[NIC "QP.08"]
[Time "18:03:03"]
[TimeControl "900+5"]

1. d4 d5 2. Bf4 Bf5 3. Nf3 Nf6 4. e3 e6 5. Bd3 Bd6 6. Bg3 Qe7 7. Ne5 Bxe5 8.
dxe5 Ne4 9. Nd2 Nxd2 10. Qxd2 Bxd3 11. cxd3 Nc6 12. O-O Qg5 13. d4 O-O 14.
b4 b5 15. Rfc1 Ne7 16. Rxc7 Rac8 17. Rac1 Rxc7 18. Rxc7 Rc8 19. h4 Qg6 20.
Rxe7 Qb1+ 21. Kh2 Rc1 22. Re8# {Black checkmated} 1-0

[Event "ICC tourney 2069 (15 5)"]
[Site "Internet Chess Club"]
[Date "2020.10.18"]
[Round "7"]
[White "Yeetamus123"]
[Black "challenger2010"]
[Result "0-1"]
[ICCResult "White checkmated"]
[WhiteElo "1366"]
[BlackElo "2126"]
[Opening "Sicilian: closed"]
[ECO "B23"]
[NIC "SI.44"]
[Time "18:02:42"]
[TimeControl "900+5"]

1. e4 c5 2. Nc3 d6 3. f4 Nc6 4. Nf3 g6 5. Bc4 Bg7 6. d3 e6 7. O-O Nge7 8.
Qe1 O-O 9. Qg3 d5 10. exd5 exd5 11. Bb3 Nf5 12. Qf2 Be6 13. Qxc5 Ncd4 14.
Nb5 Nxf3+ 15. Rxf3 a6 16. c3 axb5 17. Qxb5 Bd7 18. Qxb7 Rb8 19. Qxd5 Qb6+
20. Kh1 Bc6 21. Qc4 Bxf3 22. gxf3 Qf2 23. Qe4 Qf1# {White checkmated} 0-1